 Dungeon Crawl Stone Soup version 0.21.3-3-g218456f21e (webtiles) character file.

1955 BrokenGlass the Skirmisher (level 9, -2/64 HPs)
             Began as an Octopode Monk on Apr 18, 2023.
             Killed from afar by an orc wizard (6 damage)
             ... with a puff of flame
             ... on level 7 of the Dungeon.
             The game lasted 00:16:19 (7753 turns).

BrokenGlass the Skirmisher (Octopode Monk)          Turns: 7753, Time: 00:16:20

Health: -2/64      AC:  1    Str: 12    XL:     9   Next: 19%
Magic:  22/22      EV: 14    Int: 13    God:
Gold:   395        SH:  0    Dex: 15    Spells: 6/8 levels left

rFire    + . .     SeeInvis .     - Unarmed
rCold    + . .     Gourm    .   (no shield)
rNeg     . . .     Faith    .   (helmet restricted)
rPois    .         Spirit   .   (no amulet)
rElec    .         Reflect  .   k - ring of protection from magic
rCorr    .         Harm     .   j - ring of protection from fire
MR       +....                  o - ring of magical power
Stlth    ++++......             w - ring of protection from cold
HPRegen  0.20/turn              (no ring)
MPRegen  0.18/turn              (no ring)
                                (no ring)
                                (no ring)

@: no status effects
A: almost no armour, stealthy swim, amphibious, 8 rings, constrict 8, camouflage
1, gelatinous body 1
a: no special abilities


You were on level 7 of the Dungeon.
You were not hungry.

You visited 1 branch of the dungeon, and saw 7 of its levels.

You collected 395 gold pieces.

Inventory:

Hand Weapons
 a - a +1 dagger of freezing
 p - a +0 hunting sling
 t - a +0 hand crossbow
 A - a +0 dagger
Missiles
 b - 5 needles of sleeping
 e - 151 arrows
 h - 67 stones (quivered)
 v - 3 needles of paralysis
Jewellery
 j - a ring of protection from fire (right tentacle)
 k - a ring of protection from magic (left tentacle)
 o - a ring of magical power (on tentacle)
 w - a ring of protection from cold (on tentacle)
Wands
 z - a wand of disintegration (3)
Scrolls
 c - a scroll of immolation {unknown}
 d - a scroll of amnesia
 f - a scroll of teleportation
 i - 3 scrolls of fear {unknown}
 l - 2 scrolls of enchant weapon {unknown}
 q - 2 scrolls of identify {unknown}
 s - a scroll of blinking {unknown}
 x - 2 scrolls of enchant armour {unknown}
 y - 2 scrolls of remove curse
Potions
 g - 6 potions of curing
 m - 6 potions of heal wounds {unknown}
 r - 2 potions of agility {unknown}
 B - a potion of flight {unknown}
Books
 u - a book of Cantrips

   Spells                             Type                      Level
   a - Confusing Touch                Hexes                        1
   b - Animate Skeleton               Necromancy                   1
   c - Summon Small Mammal            Summoning                    1
   d - Apportation                    Translocation                1
Comestibles
 n - 13 rations
 C - 2 chunks of flesh


   Skills:
 + Level 7.5 Fighting
 - Level 4.1 Short Blades
 - Level 3.0 Dodging
 - Level 6.1 Stealth
 - Level 5.0 Unarmed Combat
 - Level 6.6 Evocations


You had 6 spell levels left.
You knew the following spells:

 Your Spells              Type           Power        Failure   Level  Hunger
a - Confusing Touch       Hex            #.....       30%         1    ##.....
b - Apportation           Tloc           #.....       30%         1    ##.....


Dungeon Overview and Level Annotations

Branches:
Dungeon (7/15)
 Temple: D:4-7

Altars:
Gozag
Trog
Wu Jian

Shops:
D:4 [%


Innate Abilities, Weirdness & Mutations

You cannot wear most types of armour.
You are very stealthy in the water. (Stealth+)
You are amphibious.
You can wear up to eight rings at the same time.
You can use your tentacles to constrict eight enemies at once.
Your skin changes colour to match your surroundings (Stealth+).
Your rubbery body absorbs attacks. (AC +1, EV +1)


Message History

The orc wizard gestures wildly while chanting.
The orc wizard seems to speed up.
The hound bites you.
* * * LOW HITPOINT WARNING * * *
The centaur zombie barely misses you. The hound bites you.
* * * LOW HITPOINT WARNING * * *
The orc wizard gestures at you while chanting.
The puff of frost misses you.
The orc wizard gestures at you while chanting.
The magic dart hits you!
* * * LOW HITPOINT WARNING * * *
The hound bites you.
* * * LOW HITPOINT WARNING * * *
Unknown command.
Unknown command.
Okay, then.
Unknown command.
The orc wizard gestures at you while chanting.
The puff of flame hits you! You resist.
You die...

##.# ...# ##.# .).#
#### #.# #### #..
..# #.# #.# #.# #@#
# #.# ###.# # #.#
#.h.##
.###.#########o#..#
..............Zo..#
...............#oo#
#............##...#
.#..........#.#...#
#.##......##.#.?..#


You could see an orc warrior, a hound, 2 orc wizards, an orc and a centaur
zombie.

Vanquished Creatures
  Sigmund (D:6)
  Menkaure (D:7)
  A necrophage (D:7)
  A hornet zombie (D:6)
  2 centaurs
  4 ogres
  A bullfrog (D:7)
  A scorpion (D:6)
  A jelly (D:6)
  A howler monkey (D:6)
  A crimson imp (D:5)
  A gnoll shaman (D:5)
  A bullfrog zombie (D:5)
  3 orc priests
  A bullfrog skeleton (D:7)
  3 hounds
  3 iguanas
  An orc wizard (D:5)
  4 worker ants
  2 hound zombies
  A howler monkey zombie (D:5)
  7 adders
  8 gnolls (D:5)
  A shadow imp (D:6)
  An ooze (D:4)
  An adder skeleton (D:5)
  An adder zombie (D:6)
  A worm (D:4)
  2 dart slugs (D:1)
  10 leopard geckos
  15 orcs
  13 bats
  4 giant cockroaches
  6 goblins
  5 hobgoblins
  11 jackals
  3 kobolds
  3 quokkas
  A ball python (D:2)
  9 frilled lizards
  A leopard gecko zombie (D:3)
  8 rats
146 creatures vanquished.

Notes
Turn   | Place    | Note
-------+----------+-------------------------------------------
     0 | D:1      | BrokenGlass the Octopode Monk began the quest for the Orb.
     0 | D:1      | Reached XP level 1. HP: 16/16 MP: 1/1
   183 | D:1      | Reached XP level 2. HP: 21/21 MP: 2/2
   869 | D:2      | Reached XP level 3. HP: 26/26 MP: 3/3
  1609 | D:2      | Found a bloodstained altar of Trog.
  2085 | D:3      | Reached XP level 4. HP: 26/31 MP: 4/4
  2584 | D:3      | Found an ornate altar of the Wu Jian Council.
  2585 | D:3      | Reached skill level 1 in Short Blades
  2672 | D:3      | Reached skill level 5 in Stealth
  2672 | D:3      | Reached XP level 5. HP: 28/36 MP: 5/5
  2940 | D:3      | Reached skill level 1 in Evocations
  3354 | D:4      | Noticed an ogre
  3360 | D:4      | Killed an ogre
  3360 | D:4      | Reached XP level 6. HP: 42/42 MP: 8/8
  3394 | D:4      | Found Yduckog's Armour Shoppe.
  3427 | D:4      | Learned a level 1 spell: Confusing Touch
  3429 | D:4      | Learned a level 1 spell: Apportation
  3457 | D:4      | Found Cauhun's Antique Armour Shoppe.
  3621 | D:4      | Found Pomaarch's Food Shoppe.
  4327 | D:5      | Entered Level 5 of the Dungeon
  4352 | D:5      | Reached skill level 5 in Evocations
  4356 | D:5      | Reached XP level 7. HP: 38/46 MP: 10/10
  5159 | D:5      | Reached skill level 4 in Fighting
  5583 | D:5      | Reached XP level 8. HP: 54/54 MP: 12/12
  5648 | D:6      | Reached skill level 5 in Fighting
  5949 | D:6      | Reached skill level 5 in Unarmed Combat
  6676 | D:6      | Found an opulent altar of Gozag.
  7007 | D:6      | Noticed Sigmund
  7322 | D:6      | Killed Sigmund
  7322 | D:6      | Reached skill level 6 in Fighting
  7581 | D:7      | Reached XP level 9. HP: 63/63 MP: 13/13
  7620 | D:7      | Reached skill level 7 in Fighting
  7734 | D:7      | Noticed Menkaure
  7748 | D:7      | Killed Menkaure
  7753 | D:7      | Killed from afar by an orc wizard

Skill      XL: |  1  2  3  4  5  6  7  8  9 |
---------------+----------------------------+-----
Stealth        | 3 5 6 |  6.1
Short Blades   | 1 4 |  4.1
Evocations     | 3 5 6 |  6.6
Unarmed Combat | 4 5 |  5.0
Fighting       | 4 6 7 |  7.5
Dodging        | |  3.0

Action                   |  1- 3 |  4- 6 |  7- 9 || total
-------------------------+-------+-------+-------++-------
Melee: Unarmed           |    68 |    95 |   171 ||   334
       Constrict         |    21 |    31 |    43 ||    95
       Tentacles         |    14 |    18 |    52 ||    84
       Punch             |     2 |     2 |    11 ||    15
       Dagger            |       |    11 |    16 ||    27
Throw: Stone             |     3 |       |       ||     3
 Cast: Confusing Touch   |       |       |     5 ||     5
Evoke: Wand              |       |     2 |    10 ||    12
  Use: Scroll            |       |     4 |       ||     4
       Potion            |       |       |     1 ||     1
 Stab: Sleeping          |    21 |    12 |     3 ||    36
       Distracted        |       |     1 |     3 ||     4
       Confused          |       |       |     1 ||     1
  Eat: Chunk             |     1 |     6 |    11 ||    18
       Ration            |     1 |       |       ||     1
Armor: Skin              |     7 |    11 |     5 ||    23
Dodge: Dodged            |    37 |    92 |   141 ||   270
